 Dungeon Crawl Stone Soup version 0.30-a0-241-g1121274140 (webtiles) character file.

Game seed: 2051416793555587212

28952 Conn the Thaumaturge (level 13, -4/76 HPs)
             Began as an Octopode Fire Elementalist on Oct 11, 2022.
             Was an Elder of Sif Muna.
             Slain by a six-headed hydra (13 damage)
             ... on level 3 of the Lair of Beasts.
             The game lasted 00:49:29 (17038 turns).

Conn the Thaumaturge (Octopode Fire Elementalist)  Turns: 17038, Time: 00:49:35

Health: -4/76      AC: 19    Str: 12    XL:     13   Next: 42%
Magic:  24/35      EV: 13    Int: 28    God:    Sif Muna [****..]
Gold:   584        SH: 15    Dex: 14    Spells: 2/31 levels left

rFire   + . .      SeeInvis .    g - +5 flail of Gallantry {speed, *Rage rC+ rN+ Will+ Int+2}
rCold   + + +      Faith    .    r - +0 kite shield {rN+}
rNeg    + + .      Spirit   .    V - +1 hat
rPois   +          Reflect  +    X - amulet of reflection
rElec   +          Harm     .    v - +4 ring of protection
rCorr   +          Rampage  .    B - ring of protection from fire
Will    ++...      Rage     20%  G - +4 ring of protection
Stlth   +++++.....               h - +6 ring of strength
HPRegen 0.32/turn                L - ring of flight
MPRegen 0.24/turn                E - ring of magical power
                                 O - ring of willpower
                                 Q - ring of the Lily {Ice rPois Dex+2 Slay+3}

@: ice-armoured, resistant, flying
A: almost no armour, amphibious, 8 rings, camouflage 1, gelatinous body 1,
nimble swimmer 1, tentacles, clever 1
a: Renounce Religion, Channel Magic, Forget Spell, Divine Exegesis


You were on level 3 of the Lair of Beasts.
You worshipped Sif Muna.
Sif Muna was greatly pleased with you.
You visited 3 branches of the dungeon, and saw 15 of its levels.
You also visited: Sewer.

You collected 957 gold pieces.
You spent 373 gold pieces at shops.

Inventory:

Hand Weapons
 g - the +5 flail of Gallantry (weapon) {speed, *Rage rC+ rN+ Will+ Int+2}
   (You bought it in a shop on level 10 of the Dungeon)

   Attacks with this weapon are significantly faster.
   Int:       It affects your intelligence (+2).
   rC:        It protects you from cold.
   rN:        It protects you from negative energy.
   *Rage:     It berserks you when you make melee attacks (+20% chance).
   Will:      It increases your willpower.
 m - a +5 vorpal dagger
Missiles
 d - 11 javelins (quivered)
 f - 79 poisoned darts
 y - 3 throwing nets
Armour
 b - a +2 buckler
 r - a +0 kite shield of positive energy (worn)
 U - an orb of guile
 V - a +1 hat (worn)
Jewellery
 h - a +6 ring of strength (on tentacle)
 v - a +4 ring of protection (left tentacle)
 B - a ring of protection from fire (right tentacle)
 C - a ring of poison resistance
 E - a ring of magical power (on tentacle)
 G - a +4 ring of protection (on tentacle)
 L - a ring of flight (on tentacle)
 O - a ring of willpower (on tentacle)
 Q - the ring of the Lily (on tentacle) {Ice rPois Dex+2 Slay+3}
   (You found it on level 7 of the Dungeon)

   [ring of ice]

   It enhances your ice magic.
   Dex:       It affects your dexterity (+2).
   Slay:      It affects your accuracy & damage with ranged weapons and melee
   (+3).
   rF:        It makes you vulnerable to fire.
   rC:        It protects you from cold.
   rPois:     It protects you from poison.
 S - an amulet of guardian spirit
 X - an amulet of reflection (around mantle)
Wands
 j - a wand of flame (9)
 u - a wand of charming (23)
 w - a wand of roots (7)
 P - a wand of mindburst (11)
 R - a wand of light (30)
Scrolls
 e - 6 scrolls of poison
 i - 3 scrolls of immolation
 o - a scroll of brand weapon
 q - 3 scrolls of amnesia
 s - 3 scrolls of magic mapping
 t - 3 scrolls of teleportation
 z - a scroll of silence
 A - a scroll of torment
 D - a scroll of blinking
 F - 4 scrolls of noise
 I - 2 scrolls of fear
 M - 2 scrolls of butterflies
 T - 9 scrolls of identify
Potions
 a - 2 potions of magic
 c - 6 potions of curing
 k - 2 potions of attraction
 l - 2 potions of brilliance
 p - 4 potions of heal wounds
 x - a potion of haste
 H - 2 potions of flight
 J - 3 potions of mutation
 K - 4 potions of lignification
 N - 2 potions of ambrosia
 W - a potion of berserk rage {unknown}


   Skills:
 + Level 2.4 Fighting
 + Level 2.3 Short Blades
 + Level 3.6 Maces & Flails
 + Level 4.1 Dodging
 + Level 5.7 Stealth
 * Level 7.8 Shields
 + Level 9.7 Spellcasting
 * Level 9.5 Conjurations
 + Level 0.6 Hexes
 + Level 4.6 Translocations
 + Level 8.8 Fire Magic
 + Level 5.2 Ice Magic
 + Level 5.3 Air Magic
 * Level 1.5 Earth Magic
 * Level 7.3 Invocations
 + Level 1.5 Evocations


You had 2 spell levels left.
You knew the following spells:

 Your Spells              Type           Power      Damage    Failure   Level
a - Foxfire               Conj/Fire      100%       2x1d9     1%          1
b - Kindle Blastsparks    Fire/Tloc/Air  96%        2d18      2%          3
c - Inner Flame           Hex/Fire       40%        N/A       4%          3
d - Flame Wave            Conj/Fire      60%        2d14      2%          4
e - Scorch                Fire           100%       2d10      1%          2
f - Hailstorm             Conj/Ice       70%        3d15      1%          3
g - Frozen Ramparts       Ice            100%       1d16      3%          3
h - Freeze                Ice            100%       1d10      1%          1
i - Ozocubu's Armour      Ice            60%        N/A       3%          3
j - Iron Shot             Conj/Erth      22%        9d5       85%         6

Your spell library contained the following spells:

 Spells                   Type           Power      Damage    Failure   Level
 Apportation              Tloc           78%        N/A       1%          1
 Shock                    Conj/Air       100%       1d9       1%          1
 Momentum Strike          Conj/Tloc      100%       3d10      1%          2
 Static Discharge         Conj/Air       100%       2-7/arc   1%          2
 Slow                     Hex            68%        N/A       8%          1
 Portal Projectile        Hex/Tloc       56%        N/A       10%         3
 Confusing Touch          Hex            17%        N/A       22%         3
 Vampiric Draining        Necr           13%        2d6       30%         3
 Anguish                  Hex/Necr       7%         N/A       65%         4
 Summon Forest            Summ/Tloc      13%        N/A       71%         5
 Eringya's Noxious Bog    Tmut/Pois      6%         N/A       100%        6
 Enfeeble                 Hex            8%         N/A       100%        7
 Summon Hydra             Summ           6%         N/A       100%        7


Dungeon Overview and Level Annotations

Branches:
Dungeon (11/15)            Temple (1/1) D:4            Lair (3/5) D:11
 Spider (0/4) Lair:2          Orc (0/2) D:11          Sewer (visited)
  Swamp: Lair:2-3    Shoals: Lair:2-3

Altars:
Ashenzari
Cheibriados
Elyvilon
Fedhas
Gozag
Hepliaklqana
Kikubaaqudgha
Makhleb
Nemelex Xobeh
Okawaru
Qazlal
Ru
Sif Muna
Trog
Uskayaw
Vehumet
Wu Jian
Xom
Yredelemnul
Zin
The Shining One

Shops:
D:1 [   D:7 ?   D:10 *


Innate Abilities, Weirdness & Mutations

You cannot wear most types of armour.
You are amphibious.
You can wear up to eight rings at the same time.
Your skin changes colour to match your surroundings (Stealth+).
Your rubbery body absorbs attacks. (AC +1, EV +1)
You are camouflaged when in or above water. (Stealth+)
You have tentacles for arms and can constrict up to eight enemies at once.
Your mind is acute. (Int +4, Str/Dex -1)


Message History

The six-headed hydra is engulfed in a cloud of scalding steam.
The six-headed hydra misses you.
You block the six-headed hydra's attack. x2
The six-headed hydra bites you but does no damage. x3
Unknown command.
Unknown command.
You feel protected.
You are engulfed in blazing flames.
You resist.
The six-headed hydra is engulfed in a cloud of scalding steam.
The six-headed hydra bites you!
You block the six-headed hydra's attack. x3
The six-headed hydra bites you but does no damage. x2
The heat melts your icy armour.
Casting: Flame Wave (dangerous; 2% risk of failure)
Confirm with . or Enter, or press ? or * to list all spells.
Casting: Flame Wave (dangerous; 2% risk of failure)
Press: ? - help, Dir - look around, f - activate A wave of flame ripples out!
The flame wave engulfs the five-headed hydra!!
The five-headed hydra is moderately wounded.
The flame wave engulfs the six-headed hydra!
The six-headed hydra is moderately wounded. (Press . to intensify the flame waves.)
You are engulfed in blazing flames.
You resist.
The five-headed hydra is engulfed in a cloud of scalding steam.
The five-headed hydra bites you!
The five-headed hydra completely misses you.
You block the five-headed hydra's attack.
The five-headed hydra closely misses you.
The five-headed hydra completely misses you.
The six-headed hydra is engulfed in a cloud of scalding steam.
The six-headed hydra bites you!
You block the six-headed hydra's attack.
The six-headed hydra bites you.
* * * LOW HITPOINT WARNING * * *
The six-headed hydra bites you!
* * * LOW HITPOINT WARNING * * *
The six-headed hydra bites you but does no damage.
The six-headed hydra bites you!
You die...

..P..♣.P...♣#.♣♣..♣♣ ♣♣.P#
~...........#..♣♣D.♣ ♣.##
##♣♣#####..##.♣♣♣§D♣♣♣♣ ♣.##
.♣♣ ♣♣♣....P#..♣♣.§§..♣♣ ♣..#
..♣♣♣P.....♣#...♣♣♣♣...♣♣ ♣.##
........♣♣.♣##.♣♣≈~~≈...♣ #.##
....♣♣♣♣♣♣♣♣ ♣♣♣§§≈≈~≈~♣♣ #..#
######♣♣♣#####.§§D≈~~~~~♣♣#..#
#........).§@D~~~~...♣♣.##
##.....#.#..§§§♣♣♣♣..♣♣#..# #
#.#...###.#.§#♣##♣♣...##.## #
##.P.##.###...#...♣..###.# #
#.....## ##.........##P.## #
#.....### ####...#..###.P# #
###...#...#######.P#...#..##
###.#.P..................##.#
............................#


You could see a six-headed hydra and a five-headed hydra.

Vanquished Creatures
  Josephine (Lair:3)
  A hydra (Lair:3)
  5 two-headed ogres
  Erica (D:8)
  A boulder beetle (D:11)
  Nergalle (D:11)
  Urug (D:10)
  Pikel (D:4)
  A lindwurm (Lair:3)
  An ugly thing (D:11)
  Maurice (D:8)
  2 gargoyles (D:10)
  A torpor snail (Lair:2)
  2 black mambas (Lair:3)
  8 cane toads
  Maggie (D:8)
  5 komodo dragons
  Psyche (D:8)
  An unseen horror (D:10)
  2 polar bears (Lair:2)
  A troll (D:11)
  2 hornets (Lair:3)
  5 slime creatures (D:11)
  6 wraiths
  18 yaks
  9 wyverns
  8 vampire mosquitoes
  A swamp worm (D:10)
  An acid dragon (D:10)
  A swamp drake (D:11)
  10 water moccasins
  An ice beast (D:5)
  5 black bears
  6 orc warriors
  Pargi (Sewer)
  6 wolves (Lair:1)
  2 ogres (D:6)
  3 centaurs
  4 kobold brigands
  11 bullfrogs
  Blork the orc (D:4)
  A necrophage (D:8)
  2 gnoll sergeants
  15 scorpions
  10 killer bees
  4 howler monkeys
  5 jellies
  4 hounds (D:5)
  4 orc priests
  Terence (D:3)
  4 iguanas
  5 orc wizards
  Robin (D:3)
  10 gnolls
  A river rat (D:5)
  14 adders
  4 shadow imps
  A white imp (D:5)
  2 ufetubi
  2 worms
  A dart slug (D:3)
  38 orcs
  5 endoplasms
  6 giant cockroaches
  10 goblins
  7 hobgoblins
  5 jackals
  24 kobolds
  7 ball pythons
  7 bats
  3 frilled lizards
  6 rats
349 creatures vanquished.

Vanquished Creatures (collateral kills)
  A yak (D:6)
  6 foxfires
7 creatures vanquished.

Vanquished Creatures (others)
  1089 foxfires
  10 fungi (Lair:3)
  26 plants
1125 creatures vanquished.

Grand Total: 1481 creatures vanquished

Notes
Turn   | Place    | Note
-------+----------+-------------------------------------------
     0 | D:1      | Conn the Octopode Fire Elementalist began the quest for the
                  | Orb.
     0 | D:1      | Reached XP level 1. HP: 11/11 MP: 3/3
   124 | D:1      | Reached XP level 2. HP: 17/17 MP: 1/5
   412 | D:1      | Found Riepp's Antique Armour Emporium.
  1027 | D:2      | Reached XP level 3. HP: 21/21 MP: 2/6
  1533 | D:2      | Reached XP level 4. HP: 21/27 MP: 3/7
  2018 | D:3      | Found a faded altar of an unknown god.
  2055 | D:3      | Noticed Robin
  2166 | D:3      | Killed Robin
  2167 | D:3      | Reached XP level 5. HP: 20/31 MP: 3/9
  2712 | D:3      | Noticed Terence
  2718 | D:3      | Killed Terence
  2977 | D:4      | Reached XP level 6. HP: 31/36 MP: 2/11
  3055 | D:4      | Noticed Pikel
  3071 | D:5      | Entered Level 5 of the Dungeon
  3080 | D:5      | Learned a level 2 spell: Scorch
  3084 | D:5      | Learned a level 3 spell: Inner Flame
  3088 | D:5      | Learned a level 3 spell: Kindle Blastsparks
  3093 | D:5      | Reached skill level 1 in Shields
  3211 | D:5      | Noticed a black bear
  3219 | D:5      | Killed a black bear
  3354 | D:5      | Noticed an ice beast
  3355 | D:5      | Found a large runed translucent door.
  3355 | D:5      | Found a large runed translucent door.
  3373 | D:5      | Killed an ice beast
  3374 | D:5      | Reached XP level 7. HP: 34/41 MP: 5/13
  3571 | D:5      | Found a glowing drain.
  3575 | Sewer    | Entered a sewer
  3629 | Sewer    | Noticed Pargi
  3639 | Sewer    | Killed Pargi
  3831 | D:5      | Reached skill level 5 in Spellcasting
  3857 | D:5      | Reached XP level 8. HP: 46/46 MP: 9/15
  4053 | D:5      | Reached skill level 1 in Evocations
  4272 | D:4      | Noticed Blork the orc
  4970 | D:4      | Reached skill level 5 in Fire Magic
  4976 | D:4      | Killed Blork the orc
  4977 | D:4      | Reached skill level 5 in Conjurations
  5089 | D:4      | Killed Pikel
  5090 | D:4      | Reached XP level 9. HP: 51/51 MP: 8/18
  5173 | D:4      | Learned a level 4 spell: Flame Wave
  5177 | D:4      | Learned a level 3 spell: Hailstorm
  5181 | D:4      | Learned a level 3 spell: Frozen Ramparts
  5183 | D:4      | Learned a level 1 spell: Freeze
  5338 | D:4      | Found a staircase to the Ecumenical Temple.
  5419 | Temple   | Entered the Ecumenical Temple
  5968 | D:5      | Found a shimmering blue altar of Sif Muna.
  5977 | D:5      | Became a worshipper of Sif Muna the Loreminder
  5982 | D:5      | Found a radiant altar of Vehumet.
  6391 | D:6      | Reached skill level 1 in Short Blades
  6479 | D:6      | Reached skill level 1 in Ice Magic
  6725 | D:5      | Gained mutation: You are dopey. (Int -2) [potion of
                  | mutation]
  6725 | D:5      | Gained mutation: You are somewhat resistant to further
                  | mutation. [potion of mutation]
  6779 | D:6      | Reached skill level 1 in Invocations
  6792 | D:6      | Reached * piety under Sif Muna
  6818 | D:6      | Reached XP level 10. HP: 40/57 MP: 1/21
  6940 | D:6      | Reached skill level 1 in Fighting
  7518 | D:7      | Found Ulan's Magic Scroll Shop.
  7528 | D:7      | Bought a scroll of fear for 40 gold pieces
  7528 | D:7      | Bought a scroll of teleportation for 30 gold pieces
  7528 | D:7      | Bought a scroll of butterflies for 40 gold pieces
  7633 | D:7      | Identified the ring of the Lily {Ice rPois Dex+2 Slay+3}
  8002 | D:7      | Got the Incunable of Distorted Firn
  8008 | D:7      | Learned a level 3 spell: Ozocubu's Armour
  8019 | D:7      | You fall into a shaft and drop 2 floors!
  8090 | D:8      | Noticed Psyche
  8098 | D:8      | Killed Psyche
  8105 | D:8      | Noticed Erica
  8220 | D:8      | Killed Erica
  8221 | D:8      | Reached skill level 5 in Shields
  8221 | D:8      | Reached skill level 1 in Translocations
  8221 | D:8      | Reached skill level 1 in Air Magic
  8321 | D:8      | Found a broken altar of Ashenzari.
  8405 | D:8      | Reached ** piety under Sif Muna
  8552 | D:8      | Found a blossoming altar of Fedhas.
  8629 | D:8      | Noticed Maggie
  8637 | D:8      | Killed Maggie
  8947 | D:8      | Noticed Maurice
  8958 | D:8      | Killed Maurice
  8959 | D:8      | Reached XP level 11. HP: 63/63 MP: 18/22
  9517 | D:9      | Reached skill level 5 in Stealth
  9785 | D:9      | Noticed a two-headed ogre
  9797 | D:9      | Killed a two-headed ogre
 10086 | D:10     | Entered Level 10 of the Dungeon
 10091 | D:10     | Noticed a two-headed ogre
 10092 | D:10     | Found Noaxulup's Assorted Antiques.
 10101 | D:10     | Killed a two-headed ogre
 10113 | D:10     | Bought a steaming flail for 263 gold pieces
 10113 | D:10     | Identified the +5 flail of Gallantry {speed, *Rage rC+ rN+
                  | Will+ Int+2} (You bought it in a shop on level 10 of the
                  | Dungeon)
 10116 | D:10     | Lost mutation: You are dopey. (Int -2) [potion of mutation]
 10116 | D:10     | Lost mutation: You are somewhat resistant to further
                  | mutation. [potion of mutation]
 10116 | D:10     | Gained mutation: Your mind is acute. (Int +4, Str/Dex -1)
                  | [potion of mutation]
 10265 | D:10     | Noticed a two-headed ogre
 10337 | D:10     | Noticed Urug
 10362 | D:10     | Killed Urug
 10572 | D:10     | Killed a two-headed ogre
 10572 | D:10     | Noticed a two-headed ogre
 10630 | D:10     | Killed a two-headed ogre
 11144 | D:10     | Reached *** piety under Sif Muna
 11317 | D:10     | Found an ornate altar of the Wu Jian Council.
 11451 | D:11     | Reached skill level 5 in Invocations
 11462 | D:11     | Reached skill level 1 in Maces & Flails
 11468 | D:11     | Reached XP level 12. HP: 69/69 MP: 2/24
 11823 | D:11     | Found a staircase to the Orcish Mines.
 11828 | D:11     | Reached **** piety under Sif Muna
 11895 | D:11     | Found a sparkling altar of Nemelex Xobeh.
 11897 | D:11     | Noticed a boulder beetle
 11910 | D:11     | Killed a boulder beetle
 12441 | D:11     | Reached skill level 5 in Air Magic
 12552 | D:11     | Found a staircase to the Lair.
 12716 | D:11     | Noticed Nergalle
 12726 | D:11     | Killed Nergalle
 12858 | D:11     | Noticed a two-headed ogre
 12864 | D:11     | Killed a two-headed ogre
 13111 | Lair:1   | Entered Level 1 of the Lair of Beasts
 13179 | Lair:1   | Reached skill level 5 in Ice Magic
 14057 | Lair:2   | You fall into a shaft and drop 1 floor!
 14057 | Lair:3   | Noticed Josephine
 14099 | Lair:3   | Killed Josephine
 14343 | Lair:3   | Identified the +1 ring mail of the Gate {Rampage Dex+7}
 14643 | Lair:3   | Reached XP level 13. HP: 75/75 MP: 26/26
 14932 | Lair:2   | Reached ***** piety under Sif Muna
 15020 | Lair:2   | Found a hole to the Spider Nest.
 15035 | Lair:2   | Received a gift from Sif Muna
 15439 | Lair:2   | Got Sif Muna's Papyrus of Forceful Clay {god gift}
 15447 | Lair:2   | Learned a level 6 spell: Iron Shot
 16302 | Lair:3   | Reached skill level 1 in Earth Magic
 17038 | Lair:3   | Slain by a six-headed hydra

Illustrated notes

Levels and vault maps discovered:
D:1:      dpeg_arrival_round_b, layout_rooms, serial_shops,
          nicolae_shop_hallway_plus, corexii_corridor_pit
D:2:      layout_basic, hangedman_decor_push
D:3:      layout_loops_ring, shapermc_ecumenical_altar_notcrosses,
          minmay_misc_feat_cross, uniq_robin, uniq_terence
D:4:      layout_cave_pods, minmay_temple_entry_poolview, minmay_snake_closets,
          uniq_pikel, uniq_blork_the_orc
D:5:      layout_layer_cave, jmf_multi_god_temple2, gup_sewer_entry_bowl,
          kennysheep_generic_room_10
D:6:      layout_cave_pools, chequers_serial_rivers_micro_a,
          minmay_stone_trees_small
D:7:      layout_basic, general_overflow_altar, serial_shops, shop,
          dk_noncrumbling_2, nrook_mini_vaults
D:8:      layout_loops_ring, mainiacjoe_overflow_concentric_impassable,
          mainiacjoe_overflow_boulevard, wad_floor_pattern_2, uniq_maurice,
          uniq_psyche, uniq_erica, uniq_maggie
D:9:      layout_loops_ring
D:10:     layout_basic, nicolae_wu_jian_immortal_techniques, serial_shops,
          nicolae_stop_n_shop_1, worms_lemuel, uniq_urug
D:11:     layout_loops_cross, erik_lair_dragon, david_orc_5,
          nemelex_lonely_heart_becter, uniq_nergalle
Temple:   kb_temple_of_zot
Lair:1:   layout_gridlike, chequers_serial_rivers_small_a, grunt_megastairs_1,
          infiniplex_staircase_pool
Lair:2:   layout_cave_shapes, nicolae_spider_entry_non_spiders, enter_volcano_4
Lair:3:   cheibrodos_lair_overgrown_chateau, layout_loops_ring,
          palyth_hydra_swamp_entry, uniq_josephine

Skill      XL: |  1  2  3  4  5  6  7  8  9 10 11 12 13 |
---------------+----------------------------------------+-----
Conjurations   | 2 3 4 5 6 7 8 9 |  9.5
Spellcasting   | 3 4 5 6 7 8 9 |  9.7
Stealth        | 3 4 5 |  5.7
Shields        | 1 2 3 4 5 6 7 |  7.8
Fire Magic     | 4 5 6 7 8 |  8.8
Evocations     | 1 |  1.5
Short Blades   | 1 2 |  2.3
Ice Magic      | 2 3 4 5 |  5.2
Invocations    | 1 4 5 6 7 |  7.3
Dodging        | 3 4 |  4.1
Fighting       | 1 2 |  2.4
Translocations | 2 3 4 |  4.6
Air Magic      | 2 4 5 |  5.3
Maces & Flails | 1 2 3 |  3.6
Earth Magic    | 1 |  1.5
Hexes          | |  0.6

Action                   |  1- 3 |  4- 6 |  7- 9 | 10-12 | 13-15 || total
-------------------------+-------+-------+-------+-------+-------++-------
Melee: Unarmed           |     7 |       |       |       |       ||     7
       Constrict         |     2 |     6 |    11 |    20 |    10 ||    49
       Tentacles         |     1 |     4 |    10 |    34 |    22 ||    71
       Dagger            |     4 |    19 |    63 |    44 |       ||   130
       Flail             |       |       |       |   102 |    72 ||   174
       Punch             |       |       |       |     1 |     2 ||     3
 Cast: Foxfire           |    60 |   103 |   147 |   200 |   124 ||   634
       Scorch            |       |     1 |    18 |    66 |    25 ||   110
       Inner Flame       |       |       |     2 |    12 |       ||    14
       Kindle Blastspark |       |       |     2 |    12 |     1 ||    15
       Flame Wave        |       |       |       |    34 |     6 ||    40
       Ozocubu's Armour  |       |       |       |     6 |     4 ||    10
       Frozen Ramparts   |       |       |       |     6 |     2 ||     8
       Hailstorm         |       |       |       |     2 |       ||     2
       Freeze            |       |       |       |       |     5 ||     5
Invok: Channel Magic     |       |       |       |     1 |       ||     1
Evoke: Wand              |       |       |     5 |     2 |       ||     7
  Use: Scroll            |       |       |    15 |     2 |     2 ||    19
       Potion            |       |       |     9 |     2 |     2 ||    13
 Stab: Sleeping          |     1 |     1 |    12 |     4 |     1 ||    19
       Distracted        |       |       |     1 |       |       ||     1
Armor: Skin              |     4 |     6 |    14 |    51 |    35 ||   110
Dodge: Dodged            |    26 |    10 |    29 |   103 |    71 ||   239
Block: Buckler           |       |       |     3 |    67 |    24 ||    94
       Kite shield       |       |       |       |       |    30 ||    30

Table legend: (Time is in decaauts)
 A = Elapsed time spent in this place.
 B = Non-inter-level travel time spent in this place.
 C = Inter-level travel time spent in this place.
 D = Time resting spent in this place.
 E = Time spent auto-exploring this place.
 F = Levels seen in this place.
 G = Mean time per level.
                   A        B        C        D        E       F      G
               +--------+--------+--------+--------+--------+-----+--------+
         Total |  17155 |  16728 |    427 |    754 |  11695 |  16 | 1072.2 |
       Dungeon |  12808 |  12435 |    373 |    477 |   8811 |  11 | 1164.4 |
        Temple |    118 |    102 |     16 |      0 |     88 |   1 |  118.0 |
          Lair |   4015 |   3978 |     37 |    277 |   2649 |   3 | 1338.3 |
         Sewer |    211 |    211 |      0 |      0 |    147 |   1 |  211.0 |
               +--------+--------+--------+--------+--------+-----+--------+

Top non-repeatable levels by time:
     D:5: 1862 daAuts
    D:11: 1568 daAuts
  Lair:3: 1550 daAuts
    D:10: 1510 daAuts
     D:4: 1447 daAuts
  Lair:1: 1423 daAuts
     D:2: 1054 daAuts
  Lair:2: 1041 daAuts
     D:3: 1022 daAuts
     D:9: 1001 daAuts
     D:8: 982 daAuts
     D:6: 926 daAuts
     D:1: 741 daAuts
     D:7: 691 daAuts
   Sewer: 211 daAuts
